 Dungeon Crawl Stone Soup version 0.27-a0-1296-g8ece459b43 (webtiles) character file.

Game seed: 9159397610282100002

123 Delamore the Magician (level 5, -3/39 HPs)
             Began as a Djinni Fire Elementalist on June 16, 2021.
             Slain by an orc (8 damage)
             ... on level 3 of the Dungeon.
             The game lasted 00:03:34 (3574 turns).

Delamore the Magician (Djinni Fire Elementalist)    Turns: 3574, Time: 00:03:34

Health: -3/39      AC:  2    Str:  7    XL:     5   Next: 29%
Gold:   95         EV: 12    Int: 17    God:
                   SH:  0    Dex: 14

rFire    + + .     SeeInvis .   h - +0 short sword
rCold    x . .     Faith    .   (no shield)
rNeg     . . .     Spirit   .   a - +0 robe
rPois    ∞         Reflect  .   (no helmet)
rElec    .         Harm     .   d - scarf {repulsion}
rCorr    .         Rampage  .   (no gloves)
Will     .....                  (boots unavailable)
Stlth    ++........             (no amulet)
HPRegen  0.13/turn              (no ring)
MPRegen  0.00/turn              (no ring)

@: wereblooded (expiring), flying, repel missiles
A: sickness immunity, fire resistance 2, cold vulnerability 1, float, innate
caster, hp casting, extra vitality 1
a: no special abilities


You were on level 3 of the Dungeon.
You visited 1 branch of the dungeon, and saw 3 of its levels.

You collected 95 gold pieces.

Inventory:

Hand Weapons
 h - a +0 short sword (weapon)
Missiles
 j - a throwing net
Armour
 a - a +0 robe (worn)
 d - a scarf of repulsion (worn)
Scrolls
 b - a scroll of identify {unknown}
 c - 2 scrolls of teleportation {unknown}
 e - a scroll of brand weapon {unknown}
 f - a scroll of acquirement {unknown}
 g - a scroll of fear {unknown}
Potions
 i - a potion of might {unknown}


   Skills:
 + Level 2.3 Fighting
 - Level 2.1 Dodging
 - Level 1.5 Stealth
 * Level 3.8 Spellcasting


You couldn't memorise any spells.
You knew the following spells:

 Your Spells              Type           Power      Damage    Failure   Level
a - Foxfire               Conj/Fire      64%        2x1d7     3%          1
b - Conjure Flame         Conj/Fire      16%        6-21      10%         3
c - Inner Flame           Hex/Fire       16%        N/A       10%         3
d - Sticky Flame          Conj/Fire      16%        2d4       32%         4
e - Fireball              Conj/Fire      8%         3d6       67%         5
f - Beastly Appendage     Tmut           32%        N/A       3%          1
g - Wereblood             Tmut           16%        N/A       4%          2
Your spell library was empty.

Dungeon Overview and Level Annotations

Branches:
Dungeon (3/15)

Altars:


Innate Abilities, Weirdness & Mutations

You are immune to sickness and miasma.
You are immune to poison.
Your flesh is very heat resistant. (rF++)
You are vulnerable to cold. (rC-)
You float through the air rather than walking.
You learn spells naturally, not from books.
Your magical power is your life essence.
You have superior vitality. (+4 HP)


Message History

Spell assigned to 'g'.
Unknown command.
Sorry, you're not good enough to have a special ability.
You can't go up here!
Casting: Foxfire (safe; 3% risk of failure)
Confirm with . or Enter, or press ? or * to list all spells.
Your blood is infused with primal strength.
The foxfire hits the quokka.
You feel a bit better.
You kill the quokka!
The foxfire hits the orc.
The orc is heavily wounded.
You hit the orc.
The orc is severely wounded.
The orc hits you with a +0 club.
You hit the orc.
You feel a bit better.
You kill the orc!
The orc hits you with a +0 hand axe!
You closely miss the orc.
The orc is heavily wounded.
You howl as the wereblood boils in your veins!
You hear a shout! x3
The orc hits you with a +0 hand axe.
* * * LOW HITPOINT WARNING * * *
You hear a shout!
You hit the orc.
You feel a bit better.
You kill the orc!
An orc comes into view. It is wielding a +0 trident.
Found an escape hatch in the floor.
An orc comes into view. It is wielding a +0 hand axe.
The orc shouts!
An orc comes into view. It is wielding a +0 dagger.
The orc barely misses you.
You howl as the wereblood boils in your veins!
The orc hits you with a +0 trident!
* * * LOW HITPOINT WARNING * * *
You howl as the wereblood boils in your veins!
Your primal bloodlust is almost over.
The orc completely misses you.
The orc hits you from afar with a +0 trident!
You die...

##......##
#.#.........#
#.......###.#..<......#
#.....>.#.....#########
#.............#
#########.....# #####.#
#)# ##########.#
#.oo@..†...# ..
##.#########
....#.o....# #
..........).# .#
###.......))#..##.#
#....####)......#
#....#..§.......#
#....#..v§#######
#....#...r)


You could see 2 orcs.

Vanquished Creatures
  An orc wizard (D:3)
  4 gnolls (D:2)
  A worm (D:3)
  5 orcs (D:3)
  3 endoplasms
  3 goblins
  7 hobgoblins
  4 jackals (D:1)
  5 quokkas
  3 ball pythons
  2 bats
  A frilled lizard (D:2)
  8 kobolds
  4 rats
51 creatures vanquished.

Vanquished Creatures (collateral kills)
  3 foxfires (D:1)
3 creatures vanquished.

Vanquished Creatures (others)
  195 foxfires
195 creatures vanquished.

Grand Total: 249 creatures vanquished

Notes
Turn   | Place    | Note
-------+----------+-------------------------------------------
     0 | D:1      | Delamore the Djinni Fire Elementalist began the quest for
                  | the Orb.
     0 | D:1      | Reached XP level 1. HP: 15/15 MP: 0/0
   753 | D:1      | Reached XP level 2. HP: 17/22 MP: 0/0
  1310 | D:1      | Reached skill level 1 in Fighting
  1804 | D:1      | Reached XP level 3. HP: 26/27 MP: 0/0
  1804 | D:1      | Learned a level 1 spell: Beastly Appendage
  1865 | D:1      | Reached skill level 3 in Spellcasting
  2244 | D:1      | Found a faded altar of an unknown god.
  2512 | D:2      | Reached XP level 4. HP: 21/33 MP: 0/0
  3560 | D:3      | Reached XP level 5. HP: 24/39 MP: 0/0
  3560 | D:3      | Learned a level 2 spell: Wereblood
  3574 | D:3      | Slain by an orc

Illustrated notes

Levels and vault maps discovered:
D:1:      dpeg_arrival_stone_temple_mockup, layout_basic, serial_rivers,
          chequers_serial_rivers_small_3, chequers_serial_rivers_micro_c,
          chequers_serial_rivers_micro_e, chequers_serial_rivers_large_b,
          dilly_ecumenical_altar_fadedgnrine, serial_bayou_crossing
D:2:      layout_basic
D:3:      layout_basic, lemuel_crystal_altar, serial_shops, shop

Skill      XL: |  1  2  3  4 |
---------------+-------------+-----
Fighting       | 1 2 |  2.3
Spellcasting   | 3 |  3.8
Dodging        | |  2.1
Stealth        | |  1.5

Action                   |  1- 3 |  4- 6 || total
-------------------------+-------+-------++-------
Melee: Unarmed           |     4 |       ||     4
       Short sword       |       |     4 ||     4
 Cast: Foxfire           |    81 |    41 ||   122
       Beastly Appendage |     1 |       ||     1
       Wereblood         |       |     1 ||     1
Armor: Robe              |     1 |       ||     1
Dodge: Dodged            |     3 |     3 ||     6

Table legend: (Time is in decaauts)
 A = Elapsed time spent in this place.
 B = Non-inter-level travel time spent in this place.
 C = Inter-level travel time spent in this place.
 D = Time resting spent in this place.
 E = Time spent auto-exploring this place.
 F = Levels seen in this place.
 G = Mean time per level.
                   A        B        C        D        E       F      G
               +--------+--------+--------+--------+--------+-----+--------+
         Total |   3573 |   3531 |     42 |    669 |   2578 |   3 | 1191.0 |
       Dungeon |   3573 |   3531 |     42 |    669 |   2578 |   3 | 1191.0 |
               +--------+--------+--------+--------+--------+-----+--------+

Top non-repeatable levels by time:
     D:1: 2391 daAuts
     D:2: 1035 daAuts
     D:3: 146 daAuts
